 Dungeon Crawl Stone Soup version 0.28.0-43-g3370ac3207 (webtiles) character file.

Game seed: 16099600633912589427

64 Icepheonix32 the Skirmisher (level 3, -2/29 HPs)
             Began as a Demonspawn Fighter on Mar 30, 2022.
             Slain by a gnoll
             ... wielding a +0 spear
              (5 damage)
             ... on level 3 of the Dungeon.
             The game lasted 00:01:20 (1561 turns).

Icepheonix32 the Skirmisher (Demonspawn Fighter)    Turns: 1561, Time: 00:01:20

Health: -2/29      AC:  9    Str: 18    XL:     3   Next: 91%
Magic:  3/3        EV:  9    Int:  9    God:
Gold:   52         SH:  4    Dex: 12    Spells: 2/2 levels left

rFire   . . .      SeeInvis .   a - +0 long sword
rCold   . . .      Faith    .   c - +0 buckler
rNeg    . . .      Spirit   .   b - +0 scale mail
rPois   .          Reflect  .   (no helmet)
rElec   .          Harm     .   f - +0 cloak
rCorr   .          Rampage  .   (no gloves)
Will    .....                   (no boots)
Stlth   ..........              (no amulet)
HPRegen 0.09/turn               (no ring)
MPRegen 0.08/turn               (no ring)

@: no status effects
A: icy blue scales 1, demonic magic 1
a: no special abilities


You were on level 3 of the Dungeon.
You visited 1 branch of the dungeon, and saw 3 of its levels.

You collected 52 gold pieces.

Inventory:

Hand Weapons
 a - a +0 long sword (weapon)
 l - a +0 dagger of protection
Missiles
 e - 12 boomerangs (quivered)
Armour
 b - a +0 scale mail (worn)
 c - a +0 buckler (worn)
 f - a +0 cloak (worn)
Scrolls
 g - 2 scrolls of teleportation {unknown}
 h - a scroll of fear {unknown}
 i - 2 scrolls of identify {unknown}
 j - a scroll of noise {unknown}
Potions
 d - a potion of might
 k - a potion of ambrosia {unknown}
 m - a potion of flight {unknown}


   Skills:
 + Level 3.2 Fighting
 * Level 3.1 Long Blades
 + Level 3.1 Armour
 + Level 0.1 Stealth
 + Level 2.8 Shields


You had 2 spell levels left.
You didn't know any spells.
Your spell library was empty.

Dungeon Overview and Level Annotations

Branches:
Dungeon (3/15)

Altars:

Shops:
D:2 (


Innate Abilities, Weirdness & Mutations

You are partially covered in icy blue scales. (AC +2)
Spells you cast may paralyse adjacent enemies.


Message History

The gnoll hits you from afar with a +0 spear.
The gnoll barely misses you.
You throw a boomerang.
The boomerang hits the gnoll but does no damage.
The gnoll is lightly wounded.
The gnoll hits you from afar with a +0 spear.
The gnoll hits you with a +0 spear.
You barely miss the gnoll.
The gnoll is lightly wounded.
You block the gnoll's attack. The gnoll hits you with a +0 spear.
You slash the gnoll!
You kill the gnoll!
Your Armour skill increases to level 3!
You hit the gnoll.
The gnoll is heavily wounded.
The gnoll misses you.
You completely miss the gnoll.
The gnoll is heavily wounded.
The gnoll hits you with a +0 club.
The gnoll hits you from afar with a +0 spear.
The gnoll barely misses you. The gnoll closely misses you.
You hit the gnoll.
The gnoll is almost dead.
The gnoll barely misses you. You block the gnoll's attack.
You slash the gnoll!
You kill the gnoll!
The gnoll hits you from afar with a +0 spear.
Your Long Blades skill increases to level 3!
Unknown command.
The gnoll hits you with a +0 spear.
* * * LOW HITPOINT WARNING * * *
The gnoll hits you from afar with a +0 spear.
* * * LOW HITPOINT WARNING * * *
Things that are here:
a +0 club; a +0 spear; a gnoll corpse You barely miss the gnoll.
The gnoll misses you.
The gnoll hits you from afar with a +0 spear.
* * * LOW HITPOINT WARNING * * *
The gnoll hits you with a +0 spear.
You die...

.........#
.#.......##
.......g..#
...)J.....#
.....g....#
#..$.....#
........### #
#+#...).<.######.#
#.###.#Jgg@...)# #
#.########## #.#
#.# #.# ..# ...


You could see 2 gnolls and an endoplasm.

Vanquished Creatures
  An adder (D:2)
  2 gnolls (D:3)
  A worm (D:2)
  A dart slug (D:1)
  6 bats
  An endoplasm (D:1)
  3 goblins (D:2)
  2 hobgoblins (D:1)
  A jackal (D:1)
  2 quokkas (D:1)
  4 ball pythons
  A frilled lizard (D:1)
  A kobold (D:2)
  4 rats
30 creatures vanquished.

Vanquished Creatures (others)
  A plant (D:2)
1 creature vanquished.

Grand Total: 31 creatures vanquished

Notes
Turn   | Place    | Note
-------+----------+-------------------------------------------
     0 | D:1      | Icepheonix32 the Demonspawn Fighter began the quest for the
                  | Orb.
     0 | D:1      | Reached XP level 1. HP: 18/18 MP: 1/1
   336 | D:1      | Gained mutation: You are partially covered in icy blue
                  | scales. (AC +2) [demonic ancestry]
   336 | D:1      | Reached XP level 2. HP: 22/24 MP: 2/2
   556 | D:1      | Found a faded altar of an unknown god.
  1014 | D:2      | Gained mutation: Spells you cast may paralyse adjacent
                  | enemies. [demonic ancestry]
  1014 | D:2      | Reached XP level 3. HP: 26/29 MP: 3/3
  1150 | D:2      | Found Oherreaf's Antique Weapon Boutique.
  1561 | D:3      | Slain by a gnoll

Illustrated notes

Levels and vault maps discovered:
D:1:      mrwooster_arrival_statue_2, layout_basic,
          ebering_ecumenical_altar_sacrificial, st_stairs_6, minmay_pentomino_p2
D:2:      layout_rooms, serial_shops, nicolae_shop_overgrown_old_shop,
          hangedman_decor_diamond_cutter
D:3:      layout_loops_ring, elyvilon_altar_4, general_overflow_altar,
          cheibrodos_ashenzari_chains, uniq_crazy_yiuf_cottage, uniq_natasha

Skill      XL: |  1  2  3 |
---------------+----------+-----
Long Blades    | 2 3 |  3.1
Armour         | 3 |  3.1
Fighting       | |  3.2
Stealth        | |  0.1
Shields        | |  2.8

Action                   || total
-------------------------++-------
Melee: Long sword        ||    95
Throw: Boomerang         ||     4
Armor: Scale mail        ||    50
Dodge: Dodged            ||    47
Block: Buckler           ||    31
